 Dungeon Crawl Stone Soup version 0.26-a0-597-gb535b0901c (webtiles) character file.

Game seed: 2444802705021018814

49 Flugslaktarn the Skirmisher (level 3, -5/34 HPs)
             Began as a Minotaur Fighter on Sept 13, 2020.
             Slain by an orc
             ... wielding a +0 morningstar
              (8 damage)
             ... while paralysed by Grinder
             ... on level 3 of the Dungeon.
             The game lasted 00:00:28 (700 turns).

Flugslaktarn the Skirmisher (Minotaur Fighter)       Turns: 700, Time: 00:00:29

Health: -5/34      AC:  7    Str: 20    XL:     3   Next: 51%
Magic:  2/2        EV:  2    Int:  5    God:
Gold:   45         SH:  0    Dex: 10    Spells: 2/2 levels left

rFire    . . .     SeeInvis .   a - +0 war axe
rCold    . . .     Faith    .   i - +0 tower shield
rNeg     . . .     Spirit   .   b - +0 scale mail
rPois    .         Reflect  .   (helmet restricted)
rElec    .         Harm     .   (no cloak)
rCorr    .                      (no gloves)
MR       .....                  (no boots)
Stlth    ..........             (no amulet)
HPRegen  0.11/turn              (no ring)
MPRegen  0.08/turn              (no ring)

@: paralysed
A: retaliatory headbutt, horns 2
a: no special abilities


You were on level 3 of the Dungeon.
You visited 1 branch of the dungeon, and saw 3 of its levels.

You collected 45 gold pieces.

Inventory:

Hand Weapons
 a - a +0 war axe (weapon)
Armour
 b - a +0 scale mail (worn)
 c - a +0 kite shield
 i - a +0 tower shield (worn)
   (You found it on level 1 of the Dungeon)
Jewellery
 g - an uncursed amulet of magic regeneration {unknown}
   (You found it on level 1 of the Dungeon)
 l - a +6 ring of strength {unknown}
   (You found it on level 2 of the Dungeon)
Scrolls
 e - a scroll of remove curse {unknown}
 f - a scroll of identify {unknown}
 m - a scroll of teleportation {unknown}
Potions
 d - a potion of might
 h - a potion of magic {unknown}
 j - a potion of cancellation {unknown}
 k - a potion of degeneration {unknown}
 n - a potion of curing {unknown}


   Skills:
 * Level 4.3 Fighting
 * Level 3.3 Axes
 + Level 4.1 Armour
 + Level 3.9 Shields


You had 2 spell levels left.
You didn't know any spells.
Your spell library was empty.

Dungeon Overview and Level Annotations

Branches:
Dungeon (3/15)

Altars:

Annotations:
D:3 Grinder


Innate Abilities, Weirdness & Mutations

You reflexively headbutt those who attack you in melee.
You have a pair of horns on your head.


Message History

You hit Grinder but do no damage. Your headbutt misses Grinder.
Grinder is moderately wounded.
You hit the orc but do no damage. You block the orc's attack.
You block Grinder's attack.
You hit Grinder.
Grinder is moderately wounded.
You barely miss the orc. Grinder gestures at you.
Pain shoots through your body! You block the orc's attack.
Grinder gestures at you.
You suddenly lose the ability to move!
The orc hits you with a +0 morningstar!
* * * LOW HITPOINT WARNING * * *
Grinder blinks!
The orc hits you with a +0 morningstar.
* * * LOW HITPOINT WARNING * * *
Grinder gestures at you.
You shrug off the repeated paralysis!
The orc hits you with a +0 morningstar!
You die...

..... ##.##..#...# #
.... #...#.##)#.# #.
...##......#.#.#
##.###.#..# #....#.#
..........###......#
................###
##..........#.#
#..o.####...#.##
.....#.@# #.#.#.<#####.
........................
######...#...###.....###
#...#.### #.....# #.#.[.
#.....# #. ... ......#
.. ##5 .......# .. ..
......... ...........


You could see Grinder and an orc.

Vanquished Creatures
  An adder (D:2)
  A worm (D:2)
  A dart slug (D:1)
  An orc (D:3)
  2 giant cockroaches
  4 goblins (D:1)
  5 hobgoblins
  4 jackals (D:2)
  2 kobolds (D:1)
  A ball python (D:1)
  5 bats
  2 frilled lizards
  2 rats
31 creatures vanquished.

Notes
Turn   | Place    | Note
-------+----------+-------------------------------------------
     0 | D:1      | Flugslaktarn the Minotaur Fighter began the quest for the
                  | Orb.
     0 | D:1      | Reached XP level 1. HP: 19/19 MP: 0/0
   162 | D:1      | Reached XP level 2. HP: 27/27 MP: 1/1
   518 | D:2      | Reached XP level 3. HP: 32/33 MP: 2/2
   686 | D:3      | Noticed Grinder
   697 | D:3      | Paralysed by Grinder for 4 turns
   700 | D:3      | Slain by an orc

Illustrated notes

Levels and vault maps discovered:
D:1:      scummos_arrival_checkerplants, layout_loops_ring
D:2:      layout_basic, uniq_jessica
D:3:      layout_rooms, uniq_grinder, uniq_natasha, uniq_sigmund,
          uniq_crazy_yiuf_cottage

Skill      XL: |  1  2 |
---------------+-------+-----
Fighting       | 4 |  4.3
Axes           | 3 |  3.3
Armour         | 4 |  4.1
Shields        | |  3.9

Action                   || total
-------------------------++-------
Melee: War axe           ||    74
       Headbutt          ||     7
Armor: Scale mail        ||    34
Dodge: Dodged            ||    23
Block: Kite shield       ||    21
       Tower shield      ||    42

Table legend: (Time is in decaauts)
 A = Elapsed time spent in this place.
 B = Non-inter-level travel time spent in this place.
 C = Inter-level travel time spent in this place.
 D = Time resting spent in this place.
 E = Time spent auto-exploring this place.
 F = Levels seen in this place.
 G = Mean time per level.
                   A        B        C        D        E       F      G
               +--------+--------+--------+--------+--------+-----+--------+
         Total |    734 |    715 |     19 |      0 |    509 |   3 |  244.7 |
       Dungeon |    734 |    715 |     19 |      0 |    509 |   3 |  244.7 |
               +--------+--------+--------+--------+--------+-----+--------+

Top non-repeatable levels by time:
     D:2: 343 daAuts
     D:1: 342 daAuts
     D:3: 47 daAuts
